[Event "Team 45 45 League T41"]
[Site "Internet Chess Club"]
[Date "2009.05.10"]
[Round "2"]
[White "Rainbird"]
[Black "Philly-Boy"]
[Result "1/2-1/2"]
[WhiteElo "1773"]
[BlackElo "1822"]
[Opening "Queen's pawn game, Chigorin variation"]
[ECO "A04"]
[Time "10:02:13"]
[TimeControl "2700+45"]

1. Nf3 Nc6 2. d4 d5 3. g3 Bg4 4. Bg2 e6 5. O-O Nf6 6. c4 Ne7 7. Qb3 Rb8 8. cxd5
Bxf3 9. Bxf3 Nexd5 10. Nc3 c6 11. e4 Nxc3 12. bxc3 Qb6 13. Be3 Qxb3 14. axb3 a6
15. d5 cxd5 16. exd5 exd5 17. Ba7 Rd8 18. Rfe1+ Kd7 19. Rad1 Kc7 20. Be3 Bd6 21.
Bxd5 Nxd5 22. Rxd5 Kc6 23. Red1 Be7 24. Rxd8 Rxd8 25. Rxd8 Bxd8 26. Bd4 f6 27.
Kg2 Kd5 28. Kf3 b5 29. Ke3 Be7 30. Kd3 Bc5 31. b4 Bd6 32. Be3 g5 33. h3 h5 34.
g4 hxg4 35. hxg4 Bf4 36. Bxf4 gxf4 37. f3 Ke5 38. c4 bxc4+ 39. Kxc4 Kd6 40. Kd4
Kc6 41. Ke4 Kb5 42. Kxf4 Kxb4 43. g5 fxg5+ 44. Kxg5 a5 45. f4 a4 46. f5 a3 47.
f6 a2 48. f7 a1=Q 49. f8=Q+ Kb3 {Game drawn by mutual agreement} 1/2-1/2

[Event "Team 45 45 League T41"]
[Site "Internet Chess Club"]
[Date "2009.05.09"]
[Round "2"]
[White "mongmong"]
[Black "Hominid"]
[Result "1-0"]
[WhiteElo "1598"]
[BlackElo "1337"]
[Opening "Queen's pawn"]
[ECO "A40"]
[Time "16:00:39"]
[TimeControl "2700+45"]

1. d4 c6 2. Nf3 d5 3. c3 Nf6 4. e3 Bg4 5. Bd3 e6 6. h3 Bxf3 7. Qxf3 Be7 8. O-O
Nbd7 9. Nd2 O-O 10. e4 dxe4 11. Nxe4 Nxe4 12. Qxe4 Nf6 13. Qe2 h6 14. Bf4 Bd6
15. Bxd6 Qxd6 16. Rfe1 Rfe8 17. Qe5 Qxe5 18. Rxe5 Nd5 19. Rae1 b5 20. g3 a5 21.
f4 f5 22. Rxe6 Rxe6 23. Rxe6 Rc8 24. Bxf5 Kf7 25. Rf6+ gxf6 26. Bxc8 Kg7 27. Kf2
Ne7 28. Bg4 Kg6 29. Be2 Nf5 30. g4 Ne7 31. Bd3+ Kg7 32. b3 Nd5 33. c4 Nxf4 34.
Ke3 Nxh3 35. cxb5 cxb5 36. Bxb5 Ng5 37. d5 Nf7 38. Kf4 Nd6 39. Bc4 Kf7 40. Bd3
Ke7 41. a3 Kd7 42. b4 axb4 43. axb4 Kc7 44. Kg3 Ne8 45. Bb5 Ng7 46. Kf4 Kd6 47.
Bc6 Kc7 48. b5 {Black resigns} 1-0

[Event "Team 45 45 League T41"]
[Site "Internet Chess Club"]
[Date "2009.05.13"]
[Round "2"]
[White "Glassywoman"]
[Black "ticopatzer"]
[Result "0-1"]
[WhiteElo "1423"]
[BlackElo "1564"]
[Opening "Robatsch (modern) defense"]
[ECO "B06"]
[Time "19:03:39"]
[TimeControl "2700+45"]

1. e4 g6 2. d4 Bg7 3. Nf3 d6 4. h3 a6 5. a3 b5 6. Qd2 Bb7 7. Bd3 Nd7 8. O-O c5
9. dxc5 Nxc5 10. Re1 Nf6 11. Nc3 O-O 12. b4 Ncxe4 13. Bxe4 Nxe4 14. Nxe4 Bxe4
15. c3 Bxf3 16. gxf3 Rc8 17. Bb2 e6 18. Rab1 d5 19. Red1 Qh4 20. Kg2 Rc4 21. Rh1
Rfc8 22. Rbc1 Bh6 23. Qe2 Bxc1 24. Rxc1 Qg5+ 25. Kh2 Rh4 26. Qf1 Qf4+ 27. Kg2
Qf5 28. Kg3 Rcc4 29. Re1 Rh5 30. Qe2 Qxh3# {White checkmated} 0-1

[Event "Team 45 45 League T41"]
[Site "Internet Chess Club"]
[Date "2009.05.12"]
[Round "2"]
[White "cobbler"]
[Black "Kalar-Yadwa"]
[Result "0-1"]
[WhiteElo "1302"]
[BlackElo "1339"]
[Opening "Réti: King's Indian attack (Barcza system)"]
[ECO "A07"]
[Time "12:34:23"]
[TimeControl "2700+45"]

1. Nf3 d5 2. g3 Nf6 3. Bg2 c5 4. O-O e6 5. d3 Nc6 6. Nbd2 b5 7. e4 dxe4 8. dxe4
Bb7 9. e5 Nd7 10. Re1 Qc7 11. Re3 Rd8 12. Qe2 a6 13. b3 Nb4 14. Rc3 Nd5 15. Rd3
Nb4 16. Rc3 Nb6 17. Ne1 Bxg2 18. Nxg2 N6d5 19. Rf3 Nxc2 20. Rb1 Nd4 21. Qd3
Nxf3+ 22. Nxf3 Nb4 23. Qe2 Be7 24. Nge1 O-O 25. a3 Nd5 26. Qc2 Rc8 27. Bg5 h6
28. Bxh6 gxh6 29. Qd2 Kg7 30. Ng2 f5 31. Rd1 Qc6 32. Nf4 Nxf4 33. Qxf4 Qe4 34.
Qd2 Qxf3 35. Qd7 Rfe8 36. Rd6 Rcd8 37. Qc6 Qxc6 {White resigns} 0-1

[Event "Team 45 45 League T41"]
[Site "Internet Chess Club"]
[Date "2009.05.06"]
[Round "2"]
[White "JustinZ"]
[Black "PotX"]
[Result "1-0"]
[WhiteElo "1250"]
[BlackElo "1108"]
[Opening "Ruy Lopez: Caro variation"]
[ECO "C70"]
[Time "20:22:50"]
[TimeControl "2700+45"]

1. e4 e5 2. Nf3 Nc6 3. Bb5 a6 4. Ba4 b5 5. Bb3 Nge7 6. O-O Bb7 7. Re1 d5 8. exd5
Nxd5 9. Nxe5 Nxe5 10. Rxe5+ Be7 11. c4 Nf4 12. g3 Nh3+ 13. Kf1 Qd3+ 14. Qe2
Qxe2+ 15. Rxe2 Bf3 16. Re3 Bc6 17. cxb5 Bxb5+ 18. Kg2 Ng5 19. Nc3 c6 20. Nxb5
cxb5 21. d4 Ra7 22. d5 O-O 23. f4 Bc5 24. Re2 Nf3 25. Kxf3 Re7 26. Rxe7 Bxe7 27.
Be3 Re8 28. Rd1 Bd6 29. Bb6 f5 30. h3 g6 31. Bc7 Bxc7 32. d6+ Kg7 33. dxc7 Rc8
34. Rd7+ Kf6 35. g4 h5 36. g5# {Black checkmated} 1-0

[Event "Team 45 45 League T41"]
[Site "Internet Chess Club"]
[Date "2009.05.10"]
[Round "2"]
[White "yemisco1"]
[Black "budugu"]
[Result "0-1"]
[WhiteElo "1486"]
[BlackElo "1591"]
[Opening "Queen's pawn"]
[ECO "A40"]
[Time "12:55:40"]
[TimeControl "2700+45"]

1. d4 e6 2. Nf3 Nf6 3. h3 b6 4. Nc3 Ba6 5. a3 d5 6. Bg5 Be7 7. Bxf6 Bxf6 8. e3
Bxf1 9. Rxf1 Nd7 10. Qd3 c5 11. O-O-O c4 12. Qe2 a6 13. e4 O-O 14. e5 Be7 15. g4
b5 16. h4 Bxh4 17. Nxh4 Qxh4 18. Rh1 Qg5+ 19. Kb1 f5 20. Rh5 Qxg4 21. Qxg4 fxg4
22. Rg5 Rxf2 23. Rxg4 Raf8 24. Rgg1 R8f4 25. Na2 a5 26. c3 Rh2 27. Rdf1 Rxf1+
28. Rxf1 g5 29. Nc1 g4 30. Rg1 h5 31. Rg3 Kg7 32. b3 Kg6 33. bxc4 bxc4 34. Rg1
Nf8 35. Rf1 Nh7 36. Re1 g3 37. Ne2 g2 38. Ng1 Rh1 39. Kc2 Ng5 40. Kd2 Rxg1 41.
Rxg1 Nf3+ 42. Ke2 Nxg1+ 43. Kf2 Nh3+ 44. Kxg2 Nf4+ 45. Kf3 Kg5 46. a4 h4 47. Kf2
Kg4 48. Kf1 h3 49. Kf2 h2 50. Ke3 h1=Q 51. Kd2 Kf3 {White resigns} 0-1

[Event "Team 45 45 League T41"]
[Site "Internet Chess Club"]
[Date "2009.05.10"]
[Round "2"]
[White "alaskauk"]
[Black "Aquaman"]
[Result "1-0"]
[WhiteElo "1499"]
[BlackElo "1370"]
[Opening "Philidor's defense"]
[ECO "C41"]
[Time "16:00:12"]
[TimeControl "2700+45"]

1. e4 e5 2. Nf3 d6 3. Bc4 Bg4 4. c3 Nf6 5. d3 Be7 6. h3 Bc8 7. Qb3 O-O 8. Be3
Nc6 9. Nbd2 Na5 10. Qc2 Nxc4 11. Nxc4 b6 12. O-O-O Qe8 13. Rdg1 Nd7 14. g4 a5
15. g5 g6 16. h4 Bb7 17. Rh3 b5 18. Na3 b4 19. Nb1 c5 20. c4 a4 21. a3 b3 22.
Qe2 Bc8 23. Rh2 Nb8 24. h5 Nc6 25. Rgh1 f5 26. gxf6 Bxf6 27. hxg6 hxg6 28. Ng5
Bxg5 29. Rh8+ Kf7 30. R1h7+ Ke6 31. Qg4+ {Black resigns} 1-0

[Event "Team 45 45 League T41"]
[Site "Internet Chess Club"]
[Date "2009.05.09"]
[Round "2"]
[White "cubic"]
[Black "malihini"]
[Result "0-1"]
[WhiteElo "1338"]
[BlackElo "1271"]
[Opening "Caro-Kann defense"]
[ECO "B15"]
[Time "18:01:56"]
[TimeControl "2700+45"]

1. e4 c6 2. d4 d5 3. Nc3 Nf6 4. e5 Ne4 5. Nf3 e6 6. Bd3 Nxc3 7. bxc3 Nd7 8. O-O
c5 9. c4 cxd4 10. Nxd4 Nxe5 11. cxd5 Nxd3 12. Qxd3 Qxd5 13. c4 Qh5 14. Nf3 Bd7
15. Rd1 Bc6 16. Bb2 f6 17. Nd4 Rd8 18. Qe3 e5 19. Nxc6 Rxd1+ 20. Rxd1 Qxd1+
{White resigns} 0-1

[Event "Team 45 45 League T41"]
[Site "Internet Chess Club"]
[Date "2009.05.12"]
[Round "2"]
[White "PsyMar"]
[Black "nozmov"]
[Result "0-1"]
[WhiteElo "1122"]
[BlackElo "1423"]
[Opening "French: Winawer (Nimzovich) variation"]
[ECO "C15"]
[Time "10:30:11"]
[TimeControl "2700+45"]

1. e4 e6 2. d4 d5 3. Nc3 Bb4 4. exd5 exd5 5. Bd2 Nf6 6. Qe2+ Qe7 7. O-O-O Qxe2
8. Bxe2 a6 9. Bf3 Bxc3 10. Bxc3 O-O 11. Ne2 Nc6 12. Rhe1 Bg4 13. h3 Bxf3 14.
gxf3 Rfe8 15. a3 Re7 16. Bb4 Nxb4 17. axb4 Rae8 18. Kd2 c6 19. Nf4 Kf8 20. Nd3
Rxe1 21. Rxe1 Rxe1 22. Kxe1 Nd7 23. Ke2 Ke7 24. Ke3 f6 25. f4 b6 26. b3 Ke6 27.
c4 dxc4 28. bxc4 a5 29. bxa5 bxa5 30. h4 a4 31. Kd2 Kf5 32. Nb4 c5 33. dxc5 Nxc5
34. Ke3 Ke6 35. Kd4 Kd6 36. f3 f5 37. Nd5 Nb3+ 38. Kc3 Kc5 39. Nb4 Na5 40. Na6+
Kb6 41. Nb8 a3 42. Nd7+ Kc7 43. Ne5 Kd6 44. Nd3 Nxc4 45. Kxc4 a2 {White resigns}
0-1

[Event "Team 45 45 League T41"]
[Site "Internet Chess Club"]
[Date "2009.05.09"]
[Round "2"]
[White "chesskix"]
[Black "Krumpy"]
[Result "1-0"]
[WhiteElo "1495"]
[BlackElo "1521"]
[Opening "English: four knights, Capablanca variation"]
[ECO "A28"]
[Time "11:01:35"]
[TimeControl "2700+45"]

1. Nf3 Nf6 2. c4 Nc6 3. Nc3 e5 4. d3 Bc5 5. g3 d6 6. Bg2 O-O 7. O-O Bd7 8. a3 a6
9. Ng5 Rb8 10. Nge4 Nxe4 11. Nxe4 Ba7 12. e3 f5 13. Nc3 Ne7 14. b4 Bc6 15. Nd5
Nxd5 16. cxd5 Bd7 17. d4 exd4 18. exd4 Bb5 19. Re1 Qf6 20. Be3 Bc4 21. Rc1 b5
22. a4 Qf7 23. Qf3 g6 24. Rc3 Qf6 25. Rd1 Rfe8 26. Rd2 Kg7 27. h4 h6 28. Qf4 Rh8
29. Qf3 Kf7 30. Qd1 Ke7 31. Ra3 Kd7 32. Qc1 g5 33. h5 f4 34. axb5 Bxb5 35. Rxa6
Bb6 36. Rxb6 Rxb6 37. Rc2 Rb7 38. gxf4 gxf4 39. Bxf4 Rg8 40. Bg3 Qg5 41. Bh3+
Kd8 42. Qa3 Ke7 43. Qf3 Qf6 44. Qe3+ Kf8 45. Kh2 Kg7 46. Qe6 Qxe6 47. dxe6 Kf8
48. d5 Rb6 49. Bf4 c6 50. Bxh6+ Ke7 51. Ra2 Ba6 52. Bg2 cxd5 53. Bxd5 Kf6 54. f4
Bb7 55. Bg5+ Kf5 56. Bxb7 Rxb7 57. e7 d5 58. Ra5 Rd7 59. b5 Ke4 60. b6 d4 61.
Re5+ Kf3 62. e8=Q Rxe8 63. Rxe8 d3 64. f5 Kg4 65. Bd2 Kxh5 66. f6 Kg6 67. Re6
Kf7 68. Re7+ Rxe7 69. fxe7 Kxe7 70. b7 {Black resigns} 1-0

[Event "Team 45 45 League T41"]
[Site "Internet Chess Club"]
[Date "2009.05.08"]
[Round "2"]
[White "arconia"]
[Black "dondel"]
[Result "0-1"]
[WhiteElo "1345"]
[BlackElo "1385"]
[Opening "Caro-Kann: two knights variation"]
[ECO "B10"]
[Time "21:33:56"]
[TimeControl "2700+45"]

1. e4 c6 2. Nf3 d5 3. Nc3 d4 4. Nb1 e6 5. d3 Bb4+ 6. c3 dxc3 7. bxc3 Be7 8. Be2
Nd7 9. O-O Bd6 10. h3 Ngf6 11. Nh2 Bxh2+ 12. Kxh2 O-O 13. f4 Qb6 14. Nd2 Nc5 15.
Nf3 Rd8 16. Ne5 Ncxe4 17. Bh5 g6 18. Qf3 Nxc3 19. f5 Nxh5 20. fxg6 fxg6 21. Qf7+
Kh8 22. Nxg6+ hxg6 23. Qxg6 Qc7+ 24. Bf4 Nxf4 25. Qf6+ Kh7 26. Rxf4 Rxd3 27.
Qh4+ Kg8 28. Qg4+ Qg7 29. Qh4 e5 30. Rf6 Rd4 31. g4 Ne4 32. Rf5 Rd2+ 33. Kh1
Bxf5 34. Rf1 Qh7 {White resigns} 0-1

[Event "Team 45 45 League T41"]
[Site "Internet Chess Club"]
[Date "2009.05.07"]
[Round "2"]
[White "blkmagic"]
[Black "reverendjim"]
[Result "1-0"]
[WhiteElo "1224"]
[BlackElo "1356"]
[Opening "Caro-Kann: Panov-Botvinnik attack, 5...g6"]
[ECO "B14"]
[Time "23:31:22"]
[TimeControl "2700+45"]

1. e4 c6 2. d4 d5 3. exd5 cxd5 4. c4 Nf6 5. Nc3 g6 6. Nf3 Bg7 7. Bd3 dxc4 8.
Bxc4 O-O 9. O-O Bg4 10. Qd3 Bxf3 11. gxf3 Nc6 12. Be3 Nb4 13. Qd2 e6 14. Bg5 Qc7
15. b3 Nfd5 16. Nxd5 Nxd5 17. Bxd5 exd5 18. Rac1 Qb6 19. Rfd1 Rac8 20. Rxc8 Rxc8
21. Qe3 Qe6 22. Qxe6 fxe6 23. Rd2 Re8 24. h4 h6 25. Be3 Rf8 26. Kg2 Bf6 27. Bxh6
Re8 28. Rc2 Bxd4 29. Rc7 b6 30. Rxa7 Bf6 31. Bg5 Bd4 32. a4 Rc8 33. f4 Rc2 34.
Ra8+ Kf7 35. Ra7+ Ke8 36. Re7+ Kf8 37. Rxe6 Rxf2+ 38. Kg3 Rb2 39. Rxg6 Rxb3+ 40.
Kg4 Kf7 41. h5 Bf2 42. Rf6+ Kg8 43. h6 Rg3+ 44. Kf5 Bd4 45. Re6 Bc5 46. Re8+ Kh7
47. Bf6 Rg8 48. Rxg8 Kxg8 49. Kg6 {Black resigns} 1-0

[Event "Team 45 45 League T41"]
[Site "Internet Chess Club"]
[Date "2009.05.10"]
[Round "2"]
[White "EyeAm"]
[Black "dscvdchk"]
[Result "1/2-1/2"]
[WhiteElo "1532"]
[BlackElo "1565"]
[Opening "Scandinavian: Marshall variation"]
[ECO "B01"]
[Time "18:00:22"]
[TimeControl "2700+45"]

1. e4 d5 2. exd5 Nf6 3. d4 Nxd5 4. Nf3 Bg4 5. Be2 e6 6. O-O Nc6 7. c4 Nb6 8. b3
Be7 9. Nc3 O-O 10. Be3 Bf6 11. Ne4 Bxf3 12. Nxf6+ Qxf6 13. Bxf3 Rad8 14. Bxc6
bxc6 15. Qg4 Qg6 16. Qf3 e5 17. dxe5 a5 18. Rad1 Qe6 19. Rxd8 Rxd8 20. Rd1 Nd7
21. Bf4 Re8 22. Kf1 Kf8 23. Re1 Nb6 24. Bd2 a4 25. Ba5 Na8 26. Bb4+ Kg8 27. Qh3
axb3 28. Qxe6 Rxe6 29. axb3 f5 30. exf6 Rxe1+ 31. Kxe1 gxf6 32. Ke2 Kf7 33. f4
Ke6 34. Ke3 Nb6 35. h3 h5 36. g4 hxg4 37. hxg4 Nd7 38. Ke4 c5 39. Ba5 c6 40. Bc7
Kf7 41. g5 Kg6 42. gxf6 Kxf6 43. Be5+ Ke6 44. f5+ Kf7 45. Kf4 Ke7 46. Bc3 Kf7
47. Kg5 Nf8 48. Be5 Nh7+ 49. Kh6 Nf8 50. Bd6 Nd7 51. Kg5 Nf6 52. Be5 Nd7 53. Bc3
Nf8 54. Kf4 Nd7 55. b4 cxb4 56. Bxb4 Nb6 57. Bc5 Nxc4 58. Ke4 Nd2+ 59. Kf4 Nb3
60. Be3 Kf6 61. Ke4 Na5 62. Bd4+ Kf7 63. Ke5 Nb7 64. Be3 Na5 65. Bc5 Nb7 66. Be3
Na5 67. Bc5 Nc4+ 68. Ke4 Nd2+ 69. Kf4 Nb3 70. Be3 Kf6 71. Ke4 c5 72. Kd5 Kxf5
73. Bxc5 {Game drawn because neither player has mating material} 1/2-1/2

[Event "Team 45 45 League T41"]
[Site "Internet Chess Club"]
[Date "2009.05.17"]
[Round "2"]
[White "houseofcook"]
[Black "billdong"]
[Result "0-1"]
[WhiteElo "1407"]
[BlackElo "1534"]
[Opening "Two knights defense"]
[ECO "C56"]
[Time "14:12:19"]
[TimeControl "2700+45"]

1. e4 e5 2. Nf3 Nc6 3. d4 exd4 4. Bc4 Nf6 5. O-O Nxe4 6. Re1 d5 7. Bxd5 Qxd5 8.
Nc3 Qa5 9. Nxe4 Be6 10. Bd2 Qf5 11. Bg5 h6 12. Nxd4 Nxd4 13. Qxd4 hxg5 14. Qa4+
c6 15. Rad1 Qf4 16. Rd4 Qxh2+ 17. Kf1 Qh1+ 18. Ke2 Bg4+ 19. Kd2 Qxe1+ 20. Kxe1
Rh1+ 21. Kd2 Rd1+ 22. Kc3 a5 23. Rxd1 Bb4+ 24. Kb3 Be6+ 25. c4 b5 26. Qxb4 axb4
27. Nxg5 Bxc4+ 28. Kxb4 Rxa2 29. b3 Rb2 30. Re1+ Kd7 31. Re3 Bd5 32. Ne4 Bxe4
33. Rxe4 Rxf2 34. Rd4+ Ke6 35. g4 Ke5 36. Rd7 g5 37. Kc5 Rf6 38. Rd4 Rf4 39. Rd6
Rxg4 40. Rxc6 b4 41. Rd6 f5 42. Rd5+ Ke4 43. Rd4+ Ke3 44. Rd5 f4 45. Kxb4 f3+
46. Kc3 f2 47. Rd2 f1=Q {White resigns} 0-1

[Event "Team 45 45 League T41"]
[Site "Internet Chess Club"]
[Date "2009.05.09"]
[Round "2"]
[White "wekabird"]
[Black "Zohan"]
[Result "0-1"]
[WhiteElo "1277"]
[BlackElo "1326"]
[Opening "English: Caro-Kann defensive system"]
[ECO "D13"]
[Time "20:00:10"]
[TimeControl "2700+45"]

1. c4 c6 2. Nc3 Nf6 3. Nf3 d5 4. cxd5 cxd5 5. d4 Nc6 6. h3 Bf5 7. a3 e6 8. g3
Be7 9. Bg2 O-O 10. O-O Ne4 11. e3 a6 12. Nd2 Nxd2 13. Bxd2 Rc8 14. Rc1 Na5 15.
Na4 Nc4 16. Bb4 Bxb4 17. axb4 b5 18. Nc5 Nxb2 19. Qe2 Nc4 20. Nxa6 e5 21. Nc5
exd4 22. exd4 Re8 23. Qh5 Be4 24. f3 Bg6 25. f4 Bxh5 26. Rfe1 Rxe1+ 27. Rxe1 Bg6
28. Nb7 Qf6 29. Rd1 Ne3 30. Rd2 Nxg2 31. Kxg2 Be4+ 32. Kh2 Rc4 33. h4 Rc2 34.
Rxc2 Bxc2 35. Nc5 Qxd4 36. Na6 Qf2+ 37. Kh3 Bf5+ 38. g4 Qf3+ 39. Kh2 Qxf4+ 40.
Kg1 Qxg4+ 41. Kf1 Bd3+ {White resigns} 0-1

[Event "Team 45 45 League T41"]
[Site "Internet Chess Club"]
[Date "2009.05.09"]
[Round "2"]
[White "Skylab"]
[Black "WilmaP"]
[Result "0-1"]
[WhiteElo "1243"]
[BlackElo "1134"]
[Opening "French: Winawer (Nimzovich) variation"]
[ECO "C15"]
[Time "15:01:46"]
[TimeControl "2700+45"]

1. e4 e6 2. d4 d5 3. Nc3 Bb4 4. exd5 exd5 5. a3 Ba5 6. b4 Bb6 7. Nf3 a6 8. Be3
Ne7 9. Bd3 O-O 10. h3 c6 11. O-O Nd7 12. Na4 Bc7 13. Nc5 Nxc5 14. bxc5 b6 15.
cxb6 Bxb6 16. Ne5 Qd6 17. Qh5 g6 18. Qh6 Re8 19. h4 Nf5 20. Bxf5 Bxf5 21. g4
Bxg4 22. Nxg4 Bc7 23. f4 Rab8 24. Rae1 Ba5 25. Re2 Qe6 26. Ref2 Qxg4+ 27. Rg2
Qf5 28. Bc1 Bb6 29. Kh1 Bxd4 30. Rh2 Qe4+ 31. Rg2 Qf5 32. Rh2 Re2 33. h5 Rxh2+
34. Kxh2 Qxc2+ 35. Kh1 Qe4+ 36. Kh2 Qe2+ {White resigns} 0-1

[Event "Team 45 45 League T41"]
[Site "Internet Chess Club"]
[Date "2009.05.09"]
[Round "2"]
[White "cobra2008"]
[Black "arconia"]
[Result "1-0"]
[WhiteElo "1471"]
[BlackElo "1334"]
[Opening "Sicilian defense"]
[ECO "B30"]
[Time "18:00:16"]
[TimeControl "2700+45"]

1. e4 c5 2. Nf3 Nc6 3. Bc4 e6 4. d4 b6 5. d5 exd5 6. exd5 Na5 7. Qd3 Nxc4 8.
Qxc4 Nf6 9. O-O Bb7 10. Re1+ Be7 11. d6 Nd5 12. dxe7 Nxe7 13. Qe2 a5 14. Bf4 Ba6
15. Qe4 d5 16. Qe5 f6 17. Qc7 Qxc7 18. Bxc7 b5 19. Bd6 O-O 20. Rxe7 Rfc8 21.
Nbd2 c4 22. c3 Rc6 23. Bg3 b4 24. Nd4 Rcc8 25. Rae1 a4 26. a3 {Black resigns}
1-0

[Event "Team 45 45 League T41"]
[Site "Internet Chess Club"]
[Date "2009.05.06"]
[Round "2"]
[White "Skylab"]
[Black "rgadoury"]
[Result "0-1"]
[WhiteElo "1266"]
[BlackElo "1232"]
[Opening "QGA: Mannheim variation"]
[ECO "D23"]
[Time "20:06:36"]
[TimeControl "2700+45"]

1. d4 d5 2. c4 Nf6 3. Nf3 dxc4 4. Qa4+ Bd7 5. Qxc4 e6 6. Bg5 Be7 7. Nbd2 O-O 8.
e3 Nc6 9. Bd3 Na5 10. Qc2 h6 11. Bh4 Nc6 12. O-O Nb4 13. Qb1 Nxd3 14. Qxd3 a6
15. Nc4 Bb5 16. Rfc1 Nd5 17. Bxe7 Nxe7 18. Qc2 Bc6 19. Nce5 Bxf3 20. Nxf3 c6 21.
Qb3 Rb8 22. Rc5 b6 23. Rh5 c5 24. Qc2 cxd4 25. exd4 Nf5 26. Rd1 g6 27. Rh3 Rc8
28. Qd2 Rc4 29. g4 Rxd4 30. Nxd4 Nxd4 31. Rd3 e5 32. Kg2 Qd5+ 33. Kf1 Qh1#
{White checkmated} 0-1

[Event "Team 45 45 League T41"]
[Site "Internet Chess Club"]
[Date "2009.05.09"]
[Round "2"]
[White "taichichen"]
[Black "WzeroMN"]
[Result "1-0"]
[WhiteElo "1176"]
[BlackElo "1218"]
[Opening "Giuoco Pianissimo: Italian four knights variation"]
[ECO "C55"]
[Time "10:30:32"]
[TimeControl "2700+45"]

1. e4 e5 2. Nf3 Nc6 3. Bc4 Nf6 4. d3 Bc5 5. Nc3 O-O 6. O-O d6 7. h3 a6 8. Be3
Bxe3 9. fxe3 Re8 10. Nd5 b5 11. Bb3 a5 12. Nxf6+ Qxf6 13. Nd4 exd4 14. Rxf6
{Black resigns} 1-0

[Event "Team 45 45 League T41"]
[Site "Internet Chess Club"]
[Date "2009.05.09"]
[Round "2"]
[White "bowwrestler"]
[Black "ordinaryboy"]
[Result "0-1"]
[WhiteElo "1019"]
[BlackElo "1043"]
[Opening "Sicilian: accelerated fianchetto, modern variation with Bc4"]
[ECO "B35"]
[Time "13:57:00"]
[TimeControl "2700+45"]

1. e4 c5 2. Nf3 g6 3. d4 cxd4 4. Nxd4 Nc6 5. Be3 Bg7 6. Nc3 Nf6 7. Bc4 O-O 8.
O-O Nxe4 9. Nxe4 d5 10. Bd3 dxe4 11. Bxe4 Nxd4 12. Qb1 Be6 13. Rd1 Qd6 14. Rd2
Rab8 15. c3 f5 16. Bc2 f4 17. Bxd4 Bxd4 18. cxd4 Qb4 19. Rd3 Rbd8 20. Rh3 Bxh3
21. gxh3 Rxd4 22. b3 f3 23. Qe1 Qxe1+ 24. Rxe1 Rd2 25. Bb1 Kf7 26. a4 Rfd8 27.
Bc2 Rxc2 28. Rf1 Rdc8 29. h4 Rc1 30. h3 Rxf1+ 31. Kh2 Rxf2+ 32. Kg3 Rf1 33. b4
Rc4 34. a5 Rxb4 35. a6 e5 36. axb7 Rxb7 37. h5 e4 38. h6 e3 39. h4 Rb5 40. h5
Rxh5 41. Kg4 e2 42. Kf4 f2 43. Kf3 e1=Q 44. Kf4 Rxh6 45. Kf3 Rh3+ 46. Kg2 Rh4
47. Kg3 Rg1+ 48. Kf3 f1=Q# {White checkmated} 0-1

[Event "Team 45 45 League T41"]
[Site "Internet Chess Club"]
[Date "2009.05.11"]
[Round "2"]
[White "beerss"]
[Black "guyd52"]
[Result "1-0"]
[WhiteElo "1404"]
[BlackElo "1344"]
[Opening "Bird's opening"]
[ECO "A02"]
[Time "15:01:55"]
[TimeControl "2700+45"]

1. f4 g6 2. e3 Nf6 3. Nf3 Bg7 4. Be2 d6 5. O-O O-O 6. d3 Nbd7 7. Nbd2 e5 8. fxe5
Nxe5 9. e4 c5 10. Rb1 b5 11. Nxe5 dxe5 12. Nf3 Qc7 13. Qe1 Be6 14. Ng5 Rae8 15.
Nxe6 Rxe6 16. b3 Ra6 17. a3 Nd7 18. Qf2 Rf6 19. Qe1 Rxf1+ 20. Qxf1 f5 21. exf5
Rxf5 22. Qd1 Nb6 23. Bg4 Rf8 24. Be3 Qd6 25. Qe2 Nd5 26. Bd2 h5 27. Bf3 Kh7 28.
c4 Nf4 29. Bxf4 exf4 30. cxb5 Bd4+ 31. Kh1 Kh6 32. h3 Rf5 33. a4 Re5 34. Be4 Qe6
35. Qd1 h4 36. Qf3 g5 37. Qd1 Qe8 38. Qd2 Qd8 39. Qc2 Qa5 40. b4 cxb4 41. Qc6+
Kg7 42. Qd7+ Kh6 43. Qh7# {Black checkmated} 1-0

[Event "Team 45 45 League T41"]
[Site "Internet Chess Club"]
[Date "2009.05.11"]
[Round "2"]
[White "CoasterBrake"]
[Black "reverendjim"]
[Result "1/2-1/2"]
[WhiteElo "1250"]
[BlackElo "1351"]
[Opening "English: Caro-Kann defensive system"]
[ECO "A11"]
[Time "18:30:22"]
[TimeControl "2700+45"]

1. c4 c6 2. Nc3 d5 3. cxd5 cxd5 4. d4 Nf6 5. Bg5 e6 6. Nf3 Be7 7. e4 h6 8. Bxf6
gxf6 9. Bb5+ Bd7 10. Qa4 Bxb5 11. Qxb5+ Qd7 12. exd5 a6 13. Qxd7+ Kxd7 14. Kd2
Rg8 15. g3 Bb4 16. dxe6+ fxe6 17. a3 Bxc3+ 18. bxc3 Nc6 {Game drawn by mutual
agreement} 1/2-1/2

[Event "Team 45 45 League T41"]
[Site "Internet Chess Club"]
[Date "2009.05.11"]
[Round "2"]
[White "chips"]
[Black "farbror"]
[Result "0-1"]
[WhiteElo "1191"]
[BlackElo "1232"]
[Opening "Réti opening"]
[ECO "A04"]
[Time "16:01:25"]
[TimeControl "2700+45"]

1. Nf3 b6 2. g3 Bb7 3. Bg2 g6 4. O-O Bg7 5. d3 e6 6. e4 Ne7 7. Nbd2 d6 8. Rb1
Nd7 9. b3 c5 10. Bb2 Bxb2 11. Rxb2 Qc7 12. c4 O-O-O 13. Qb1 e5 14. Ng5 Rdf8 15.
b4 cxb4 16. Rxb4 Nc6 17. Rb2 Nd4 18. Re1 f5 19. Nb3 Nxb3 20. Rxb3 Qc6 21. Ne6
Rf6 22. Ng5 h6 23. Nf3 fxe4 24. dxe4 Nc5 25. Bh3+ Kb8 26. Rbe3 g5 27. Bg2 Rhf8
28. Qb5 Qxb5 29. cxb5 g4 30. Nh4 Rxf2 31. Nf5 Rxa2 32. Nxd6 Rff2 33. Kh1 Rxg2
34. Nxb7 Rxh2+ 35. Kg1 Nxb7 36. Rc1 Rhc2 37. Rf1 Rg2+ 38. Kh1 Rh2+ 39. Kg1 Rag2#
{White checkmated} 0-1

[Event "Team 45 45 League T41"]
[Site "Internet Chess Club"]
[Date "2009.05.08"]
[Round "2"]
[White "dornoch"]
[Black "Rhayder"]
[Result "1-0"]
[WhiteElo "1039"]
[BlackElo "1168"]
[Opening "Ruy Lopez: Caro variation"]
[ECO "C70"]
[Time "10:12:29"]
[TimeControl "2700+45"]

1. e4 e5 2. Nf3 Nc6 3. Bb5 a6 4. Ba4 b5 5. Bb3 Nf6 6. Nc3 Nd4 7. Nxe5 Nxb3 8.
axb3 b4 9. Nd5 d6 10. Nxf6+ Qxf6 11. Nf3 Bg4 12. d4 c5 13. dxc5 dxc5 14. Qd5
Bxf3 15. Qxa8+ Kd7 16. Qb7+ Kd8 17. Rxa6 Qd4 18. Ra8# {Black checkmated} 1-0

[Event "Team 45 45 League T41"]
[Site "Internet Chess Club"]
[Date "2009.05.10"]
[Round "2"]
[White "b-spot"]
[Black "Dbronstein06"]
[Result "1/2-1/2"]
[WhiteElo "1701"]
[BlackElo "1652"]
[Opening "QGD: exchange, positional line"]
[ECO "D35"]
[Time "19:00:06"]
[TimeControl "2700+45"]

1. d4 Nf6 2. c4 e6 3. Nc3 d5 4. cxd5 exd5 5. Bg5 Be7 6. e3 c6 7. Bd3 O-O 8. Nge2
Nbd7 9. O-O Re8 10. Qc2 Nf8 11. f3 Ng6 12. Rad1 Nh5 13. Bxe7 Qxe7 14. e4 Qg5 15.
Qd2 Ngf4 16. Nxf4 Nxf4 17. g3 Nh3+ 18. Kg2 Qh5 19. g4 Qh4 20. exd5 h5 21. gxh5
Nf4+ {Game drawn by mutual agreement} 1/2-1/2

[Event "Team 45 45 League T41"]
[Site "Internet Chess Club"]
[Date "2009.05.10"]
[Round "2"]
[White "knight2f3"]
[Black "PANAMA-REY"]
[Result "1-0"]
[WhiteElo "1493"]
[BlackElo "1402"]
[Opening "QGD Slav: 3.Nf3"]
[ECO "D11"]
[Time "12:12:50"]
[TimeControl "2700+45"]

1. d4 d5 2. Nf3 c6 3. c4 Nf6 4. Qc2 Bg4 5. Ne5 Bh5 6. g3 Nbd7 7. Bf4 Nxe5 8.
Bxe5 Bg6 9. Qb3 b6 10. Nc3 e6 11. Bg2 Bd6 12. Bxd6 Qxd6 13. O-O O-O 14. Rfe1
Rab8 15. e4 dxe4 16. Rad1 Bh5 17. Rd2 Bf3 18. Qc2 Rfd8 19. h3 c5 20. d5 exd5 21.
Bxf3 exf3 22. cxd5 Qd7 23. Kh2 Qb7 24. Qf5 b5 25. Red1 Rd6 26. Qxf3 Rbd8 27. Ne4
Nxe4 28. Qxe4 Qb6 29. f4 c4 30. g4 Qc5 31. Re1 Qc8 32. Rde2 g6 33. Qd4 Qb8 34.
Re7 Rxd5 35. Qf6 Rd2+ 36. Kg3 Rf8 37. Kh4 Qd8 38. Kg5 Rd5+ 39. Kh6 Rh5+ 40. gxh5
{Black resigns} 1-0